 Dungeon Crawl Stone Soup version 0.32-a0-468-g38b2580 (webtiles) character file.

Game seed: 2111105626790643404

86 Dorkslayer the Ruffian (level 4, -6/37 HPs)
             Began as a Demigod Fighter on Feb 22, 2024.
             Killed from afar by an orc wizard (10 damage)
             ... with a magic dart
             ... on level 2 of the Dungeon on Feb 24, 2024.
             The game lasted 00:02:49 (1075 turns).

Dorkslayer the Ruffian (Demigod Fighter)            Turns: 1075, Time: 00:02:50

Health: -6/37      AC:  6    Str: 21    XL:     4   Next: 6%
Magic:  6/6        EV:  9    Int: 10    God:
Gold:   70         SH:  4    Dex: 13    Spells: 3/3 levels left

rFire   . .          .
                       - Unarmed
rCold   . . .        b - +0 buckler
rNeg    . . .        a - +0 scale mail
rPois   .            (no helmet)
rElec   .            (no cloak)
rCorr   .            (no gloves)
SInv    .            (no boots)
Will    .....        (no amulet) Stlth
                     (no ring)
HPRegen 0.26/turn    (no ring)
MPRegen 0.10/turn

%: no passive effects
@: mighty
A: high MP 1, forlorn, divine attributes
a: no special abilities


You were on level 2 of the Dungeon.
You visited 1 branch of the dungeon, and saw 2 of its levels.

You collected 70 gold pieces.

Inventory:

Armour
 a - a +0 scale mail (worn)
 b - a +0 buckler (worn)
Scrolls
 d - 2 scrolls of blinking
 e - 2 scrolls of identify {unknown}
 f - a scroll of enchant weapon {unknown}
 g - a scroll of noise {unknown}
Potions
 h - a potion of mutation {unknown}
 i - 2 potions of heal wounds {unknown}


   Skills:
 + Level 2.9 Fighting
 + Level 3.0 Armour
 * Level 1.1 Dodging
 + Level 0.1 Stealth
 + Level 3.0 Shields
 * Level 3.2 Unarmed Combat


You had 3 spell levels left.
You didn't know any spells.
Your spell library contained the following spells:

 Spells                   Type           Power      Damage    Failure   Level
 Sandblast                Erth           0%         2d4       77%         1
 Passwall                 Erth           0%         N/A       98%         3
 Stone Arrow              Conj/Erth      0%         3d7       98%         3
 Brom's Barrelling Bould  Conj/Erth      0%         2d3       100%        4


Dungeon Overview and Level Annotations

Branches:
Dungeon (2/15)

Shops:
D:2 (


Innate Abilities, Weirdness & Mutations

You have an increased reservoir of magic. (+10% MP)
You shall have no god before yourself.
Your divine heritage dramatically boosts your attributes as you level up.


Message History

The orc is severely wounded.
You block the orc's attack.
You closely miss the orc.
The orc is severely wounded.
The orc hits you but does no damage.
You barely miss the orc.
The orc is severely wounded.
The orc hits you with a +0 club.
You barely miss the orc.
The orc is severely wounded.
The orc hits you but does no damage.
You feel very mighty all of a sudden.
The orc wizard gestures wildly while chanting.
The orc wizard flickers and vanishes!
The orc hits you with a +0 club.
You barely miss the orc.
The orc is severely wounded.
You block the orc's attack.
You punch the orc!
You kill the orc!
You block the bat's attack. The orc hits you with a +0 club.
The bat closely misses you.
Items here: ))) [ †.
You hit the orc but do no damage. The bat closely misses you.
Something hits you but does no damage. The orc hits you with a +0 club.
* * * LOW HITPOINT WARNING * * *
Okay, then.
Welcome back, Dorkslayer the Demigod Fighter.
Press ? for a list of commands and other information.
Blink to where?
Press: ? - help, Dir - move target, f - you
Okay, then.
As you read the scroll labelled TEEMIPR WESAYL, it crumbles to dust.
It was a scroll of blinking.
Something hits you.
* * * LOW HITPOINT WARNING * * *
Deactivating autopickup; reactivate with Ctrl-A.
Unknown command.
You hear some strange, mumbled words.
A magic dart appears from out of thin air!
The magic dart hits you!
You die...

#................###....
#.......###.###...†.....
###.......).....##.###...)
#.........†#.......###...†
##.#........#...#.#.....#....
#.##...........#..##.##.........
#.. .. ##.._...##..###..#.#..#..
#..#. #......##b..#..##.##.#.#
###.#.###......@{o.###[ ###..#.#
#..........######.## ## #....#
#.........#######..#.#..# #....#
#......................# ##.#..
#..............#..####.$# #..#<.
#..................##...........
#####..........#.#..#...........
#...!.......................
#............####...........


You could see an orc and a bat.

Vanquished Creatures
  A gnoll (D:1)
  3 adders (D:2)
  3 orcs (D:2)
  3 endoplasms
  2 giant cockroaches (D:2)
  3 goblins
  6 hobgoblins
  4 jackals (D:2)
  3 quokkas
  5 ball pythons
  2 bats
  2 frilled lizards (D:1)
  5 kobolds
  4 rats (D:1)
46 creatures vanquished.

Notes
Turn   | Place    | Note
-------+----------+-------------------------------------------
     0 | D:1      | Dorkslayer the Demigod Fighter began the quest for the Orb.
     0 | D:1      | Reached XP level 1. HP: 18/18 MP: 3/3
   237 | D:1      | Reached XP level 2. HP: 23/25 MP: 4/4
   847 | D:2      | Found Merybace's Weapon Boutique.
   863 | D:2      | Reached XP level 3. HP: 27/30 MP: 5/5
   893 | D:2      | Reached skill level 1 in Dodging
  1054 | D:2      | Reached XP level 4. HP: 20/37 MP: 6/6
  1074 | D:2      | Upgraded the game from 0.32-a0-433-g08bcfe7 to
                  | 0.32-a0-468-g38b2580
  1075 | D:2      | Killed from afar by an orc wizard

Illustrated notes

Levels and vault maps discovered:
D:1:      dpeg_arrival_rooms_a, layout_basic, nicolae_grassy_gnolls
D:2:      layout_rooms, serial_shops, shop, basic_altar, st_stairs_5,
          minivault_11, minmay_between

Skill      XL: |  1  2  3  4 |
---------------+-------------+-----
Unarmed Combat | 2 3 |  3.2
Dodging        | 1 |  1.1
Armour         | 3 |  3.0
Shields        | 3 |  3.0
Fighting       | |  2.9
Stealth        | |  0.1

Action                     |  1- 3 |  4- 6 || total
---------------------------+-------+-------++-------
  Melee: Unarmed           |   160 |    16 ||   176
    Use: Scroll            |       |     1 ||     1
         Potion            |       |     1 ||     1
 Armour: Scale mail        |   111 |    15 ||   126
  Dodge: Dodged            |    60 |     5 ||    65
  Block: Buckler           |    44 |     4 ||    48

Table legend: (Time is in decaauts)
 A = Elapsed time spent in this place.
 B = Non-inter-level travel time spent in this place.
 C = Inter-level travel time spent in this place.
 D = Time resting spent in this place.
 E = Time spent auto-exploring this place.
 F = Levels seen in this place.
 G = Mean time per level.
                   A        B        C        D        E       F      G
               +--------+--------+--------+--------+--------+-----+--------+
         Total |   1073 |   1073 |      0 |      0 |    641 |   2 |  536.5 |
       Dungeon |   1073 |   1073 |      0 |      0 |    641 |   2 |  536.5 |
               +--------+--------+--------+--------+--------+-----+--------+

Top non-repeatable levels by time:
     D:1: 847 daAuts
     D:2: 226 daAuts
